 Dungeon Crawl Stone Soup version 0.22.0-38-g04b72b8 (webtiles) character file.

1041 poirepourri the Cleaver (level 8, -1/68 HPs)
             Began as a Deep Dwarf Fighter on Aug 29, 2018.
             Slain by an ogre
             ... wielding a +0 giant spiked club
              (26 damage)
             ... on level 5 of the Dungeon.
             The game lasted 00:03:15 (2856 turns).

poirepourri the Cleaver (Deep Dwarf Fighter)        Turns: 2856, Time: 00:03:16

Health: -1/68      AC:  3    Str: 20    XL:     8   Next: 4%
Magic:  5/5        EV:  9    Int:  9    God:
Gold:   317        SH: 10    Dex: 14    Spells: 7/7 levels left

rFire    . . .     SeeInvis .   l - +2 war axe (vamp)
rCold    . . .     Gourm    .   c - +1 shield
rNeg     . . .     Faith    .   b - +0 scale mail
rPois    .         Spirit   .   (no helmet)
rElec    .         Reflect  .   (no cloak)
rCorr    .         Harm     .   (no gloves)
MR       +....                  (no boots)
Stlth    ..........             (no amulet)
HPRegen  0.00/turn              g - +2 ring of evasion
MPRegen  0.09/turn              r - -3 ring of protection (curse)

@: non-regenerating
A: damage resistance, heal wounds, sense surroundings 1, no regeneration
a: Heal Wounds


You were on level 5 of the Dungeon.
You were not hungry.

You visited 1 branch of the dungeon, and saw 5 of its levels.

You collected 317 gold pieces.

Inventory:

Hand Weapons
 l - a +2 vampiric war axe (weapon)
 n - the +11 mace of Toddodem {venom, rC+, unknown}
   (You found it on level 4 of the Dungeon)

   It poisons the flesh of those it strikes.
   It protects you from cold.
 p - a +1 flail of draining
Missiles
 h - 2 steel tomahawks (quivered)
Armour
 b - a +0 scale mail (worn)
 c - a +1 shield (worn)
Jewellery
 a - an uncursed ring of ice
 g - a +2 ring of evasion (left hand)
 r - a cursed -3 ring of protection (right hand)
Wands
 f - a wand of paralysis (16)
 o - a wand of random effects (17)
Potions
 d - a potion of might
 e - a potion of resistance
 i - a potion of lignification {unknown}
 j - 2 potions of invisibility
 k - a potion of mutation
 q - a potion of brilliance {unknown}
Comestibles
 m - a ration


   Skills:
 - Level 2.6 Fighting
 + Level 10.4 Axes
 - Level 3.2 Armour
 - Level 3.2 Shields


You had 7 spell levels left.
You didn't know any spells.
Your spell library was empty.

Dungeon Overview and Level Annotations

Branches:
Dungeon (5/15)
 Temple: D:4-7

Altars:
Elyvilon
Fedhas
Nemelex Xobeh
Uskayaw
Vehumet


Innate Abilities, Weirdness & Mutations

You are resistant to damage.
You can heal yourself by infusing magical energy.
You passively map a small area around you.
You do not regenerate.


Message History

You kill the orc!
You hit the ogre.
You feel better.
You hit the ogre.
You feel better.
You hear a shout!
The ogre hits you with a giant spiked club!!
The orc wizard casts a spell at you. The magic dart hits you!
The crimson imp blinks!
You fail to use your ability.
The hound closely misses you. You block the ogre's attack.
The ogre barely misses you.
The orc wizard mumbles some strange words.
The orc wizard blinks!
The orc wizard casts a spell at you. The magic dart hits you!
* * * LOW HITPOINT WARNING * * *
The hound closely misses you.
You feel much better. The hound closely misses you.
The ogre hits you with a giant club!!
The orc wizard mumbles some strange words.
The orc wizard blinks!
The ogre hits you with a giant spiked club!!
You die...

...#..>.# *.#.. #.# *
#......###.#.# #<# ,
##............# #.#
.........)†..§###*#.#
, .....##......o...
#.. , ,,
......!..........
..#*
.##..#.........?.
..#** , , *##
##.......... ..., , ,
, * *
*#..@........... , ,
*#.hOO...o.. ,
.........§... *
#..#.../...... *
#..##.......... , * ,
...*#.....?.... * , ,
.. ..##..##..., , *
...* ...*.## , , , *


You could see 2 ogres, a hound and 2 orc wizards.

Vanquished Creatures
  A water moccasin (D:3)
  A phantom (D:4)
  An elf zombie (D:4)
  2 elf skeletons (D:4)
  A scorpion (D:5)
  2 human zombies (D:4)
  2 jellies (D:5)
  A gnoll shaman (D:4)
  A human skeleton (D:4)
  3 orc priests (D:5)
  An iguana (D:4)
  Jessica (D:3)
  Natasha (D:2)
  2 worker ants
  A hound skeleton (D:4)
  Robin (D:3)
  7 gnolls
  5 adders
  An adder skeleton (D:4)
  A worm (D:2)
  A dart slug (D:2)
  3 leopard geckos
  4 orcs (D:5)
  A ball python (D:1)
  6 bats
  7 giant cockroaches
  15 goblins
  14 hobgoblins
  2 jackals (D:2)
  A ball python skeleton (D:4)
  6 frilled lizards
  4 kobolds
  A leopard gecko skeleton (D:4)
  8 rats
109 creatures vanquished.

Notes
Turn   | Place    | Note
-------+----------+-------------------------------------------
     0 | D:1      | poirepourri the Deep Dwarf Fighter began the quest for the Orb.
     0 | D:1      | Reached XP level 1. HP: 20/20 MP: 1/1
   163 | D:1      | Reached skill level 3 in Axes
   203 | D:1      | Reached XP level 2. HP: 27/27 MP: 2/2
   684 | D:2      | Reached skill level 4 in Axes
   684 | D:2      | Reached XP level 3. HP: 28/33 MP: 3/3
   755 | D:2      | Noticed Natasha
   759 | D:2      | Killed Natasha
   759 | D:2      | Reached XP level 4. HP: 25/40 MP: 4/4
   874 | D:2      | Found a radiant altar of Vehumet.
   946 | D:2      | Reached skill level 5 in Axes
  1115 | D:2      | Found a blossoming altar of Fedhas.
  1387 | D:3      | Noticed a water moccasin
  1391 | D:3      | Reached XP level 5. HP: 39/46 MP: 3/3
  1411 | D:3      | Killed a water moccasin
  1411 | D:3      | Reached skill level 6 in Axes
  1502 | D:3      | Noticed Robin
  1519 | D:3      | Killed Robin
  1532 | D:3      | Noticed Jessica
  1537 | D:3      | Killed Jessica
  1537 | D:3      | Reached skill level 7 in Axes
  1537 | D:3      | Reached XP level 6. HP: 37/55 MP: 4/4
  1755 | D:3      | Found a white marble altar of Elyvilon.
  1917 | D:3      | Found a sparkling altar of Nemelex Xobeh.
  1917 | D:3      | Found a hide-covered altar of Uskayaw.
  2240 | D:4      | Reached skill level 8 in Axes
  2277 | D:4      | Reached XP level 7. HP: 52/61 MP: 5/5
  2414 | D:4      | Got an encrusted mace
  2444 | D:4      | Reached skill level 9 in Axes
  2470 | D:4      | Found a sand-covered staircase.
  2513 | D:5      | Entered Level 5 of the Dungeon
  2525 | D:5      | HP: 1/61 [orc priest/divine providence (11)]
  2778 | D:5      | Reached skill level 10 in Axes
  2805 | D:5      | Reached XP level 8. HP: 48/68 MP: 0/5
  2856 | D:5      | Slain by an ogre

Skill      XL: |  1  2  3  4  5  6  7 |
---------------+----------------------+-----
Axes           | 3 4 5 7 8 10 | 10.4
Fighting       | |  2.6
Armour         | |  3.2
Shields        | |  3.2

Action                   |  1- 3 |  4- 6 |  7- 9 || total
-------------------------+-------+-------+-------++-------
Melee: War axe           |    87 |   127 |   115 ||   329
       Hand axe          |       |   100 |       ||   100
 Abil: Heal Wounds       |       |     5 |     4 ||     9
  Use: Scroll            |     4 |     3 |     4 ||    11
  Eat: Ration            |       |     3 |     1 ||     4
Armor: Scale mail        |    33 |    63 |    11 ||   107
Dodge: Dodged            |    30 |    77 |    31 ||   138
Block: Shield            |    46 |    97 |    45 ||   188
